 Dungeon Crawl Stone Soup version 0.28-a0-630-g0357d9c091 (webtiles) character file.

Game seed: 12394228903556753343

1517 Gargoyl the Skirmisher (level 8, -2/67 HPs)
             Began as a Gnoll Abyssal Knight on Oct 9, 2021.
             Was a Priest of Lugonu.
             Engulfed by a steam dragon's steam (10 damage)
             ... on level 6 of the Dungeon.
             The game lasted 00:07:47 (7023 turns).

Gargoyl the Skirmisher (Gnoll Abyssal Knight)       Turns: 7023, Time: 00:07:48

Health: -2/67      AC: 10    Str: 20    XL:     8   Next: 83%
Magic:  13/13      EV:  9    Int:  9    God:    Lugonu [***...]
Gold:   340        SH:  5    Dex: 14    Spells: 14/14 levels left

rFire   . . .      SeeInvis .   a - +1 hand axe (vorpal)
rCold   . . .      Faith    .   b - +0 buckler
rNeg    . . .      Spirit   .   m - +0 chain mail
rPois   .          Reflect  .   (no helmet)
rElec   .          Harm     .   (no cloak)
rCorr   .          Rampage  .   (no gloves)
Will    +....                   (no boots)
Stlth   ..........              (no amulet)
HPRegen 0.21/turn               c - +6 ring of strength
MPRegen 0.13/turn               f - ring of willpower

@: no status effects
A: fangs 1, strong nose, distributed training
a: Renounce Religion, Depart the Abyss, Bend Space, Banish


You were on level 6 of the Dungeon.
You worshipped Lugonu.
Lugonu was most pleased with you.
You visited 1 branch of the dungeon, and saw 6 of its levels.
You visited the Abyss 1 time.

You collected 340 gold pieces.

Inventory:

Hand Weapons
 a - a +1 vorpal hand axe (weapon)
 i - a +0 war axe
Missiles
 k - 3 curare-tipped darts
 l - 17 poisoned darts (quivered)
 p - a throwing net
Armour
 b - a +0 buckler (worn)
 h - a +0 ring mail
 m - a +0 chain mail (worn)
Jewellery
 c - a +6 ring of strength (left hand)
 f - a ring of willpower (right hand)
Wands
 r - a wand of iceblast (10)
Scrolls
 d - a scroll of magic mapping
 q - a scroll of fog {unknown}
 s - a scroll of identify
Potions
 e - 3 potions of haste
 g - a potion of brilliance
 j - a potion of lignification
 n - a potion of attraction {unknown}


   Skills:
 + Level 7.5 Fighting
 + Level 3.6 Short Blades
 + Level 3.6 Long Blades
 + Level 5.9 Axes
 + Level 3.6 Maces & Flails
 + Level 3.6 Polearms
 + Level 3.6 Staves
 + Level 3.6 Slings
 + Level 3.6 Bows
 + Level 3.6 Crossbows
 + Level 3.6 Throwing
 + Level 5.9 Armour
 + Level 4.5 Dodging
 + Level 3.6 Stealth
 + Level 3.6 Shields
 + Level 3.6 Unarmed Combat
 + Level 3.6 Spellcasting
 + Level 3.0 Conjurations
 + Level 3.0 Hexes
 + Level 3.0 Summonings
 + Level 3.0 Necromancy
 + Level 3.0 Translocations
 + Level 3.0 Transmutations
 + Level 3.0 Fire Magic
 + Level 3.0 Ice Magic
 + Level 3.0 Air Magic
 + Level 3.0 Earth Magic
 + Level 3.0 Poison Magic
 + Level 6.1 Invocations
 + Level 3.6 Evocations


You had 14 spell levels left.
You didn't know any spells.
Your spell library contained the following spells:

 Spells                   Type           Power      Damage    Failure   Level
 Magic Dart               Conj           28%        1d4       63%         1
 Blink                    Tloc           N/A        N/A       77%         2
 Call Imp                 Summ           7%         N/A       77%         2
 Static Discharge         Conj/Air       7%         N/A       77%         2
 Sublimation of Blood     Necr           3%         N/A       77%         2
 Wereblood                Tmut           7%         N/A       77%         2
 Mephitic Cloud           Conj/Pois/Air  7%         N/A       94%         3
 Animate Dead             Necr           3%         N/A       100%        4
 Summon Ice Beast         Ice/Summ       7%         N/A       100%        4
 Borgnjor's Vile Clutch   Necr/Erth      3%         N/A       100%        5
 Lightning Bolt           Conj/Air       3%         1d15      100%        5
 Manifold Assault         Tloc           7%         N/A       100%        5
 Summon Mana Viper        Hex/Summ       7%         N/A       100%        5
 Death Channel            Necr           3%         N/A       100%        6
 Monstrous Menagerie      Summ           3%         N/A       100%        7
 Storm Form               Tmut/Air       3%         N/A       100%        7
 Summon Hydra             Summ           3%         N/A       100%        7
 Maxwell's Capacitive Co  Air            3%         ∞         100%        8


Dungeon Overview and Level Annotations

Branches:
Dungeon (6/15)
 Temple: D:4-7

Altars:
Okawaru

Shops:
D:2 :(


Innate Abilities, Weirdness & Mutations

You have very sharp teeth.
Your uncanny sense of smell can sniff out nearby items.
Your experience applies equally to all skills.


Message History

Aim: a steam dragon (moderately wounded, poisoned, 62% to hit)
You throw a poisoned dart.
The poisoned dart hits the steam dragon!
The steam dragon looks even sicker.
The steam dragon is moderately wounded.
The steam dragon bites you but does no damage.
The steam dragon claws you.
You hit the steam dragon but do no damage.
The steam dragon is moderately wounded.
You block the steam dragon's attack.
The steam dragon claws you but does no damage.
You hit the steam dragon.
The steam dragon is heavily wounded.
You block the steam dragon's attack.
The steam dragon claws you but does no damage.
You hit the steam dragon.
The steam dragon is severely wounded.
The steam dragon closely misses you.
The steam dragon claws you but does no damage.
You closely miss the steam dragon. Your bite misses the steam dragon.
The steam dragon is severely wounded.
The steam dragon breathes steam at you. The ball of steam misses you.
You hit the steam dragon but do no damage.
The steam dragon is severely wounded.
You are engulfed in a cloud of scalding steam.
* * * LOW HITPOINT WARNING * * *
The steam dragon bites you but does no damage.
The steam dragon claws you but does no damage.
You closely miss the steam dragon.
The steam dragon is almost dead.
You are engulfed in a cloud of scalding steam.
* * * LOW HITPOINT WARNING * * *
The steam dragon bites you.
* * * LOW HITPOINT WARNING * * *
The steam dragon barely misses you. The steam dragon closely misses you.
The steam dragon barely misses you.
You feel better.
You are engulfed in a cloud of scalding steam.
You die...

.... #.#...#
.)... #..##.##
.... ##.##..#
#..#####...#>#
#.....#)..#.?#
####....§...##.#
#.....§§##### .#
..###...# .#
#@..# .#
......D.§>#
#.....#...#
#...........
#..(..#######
.###.. #.


You could see a steam dragon (very poisoned).

Vanquished Creatures
  A water moccasin (D:6)
  A necrophage (D:5)
  An ice beast (D:6)
  3 ogres
  A scorpion (D:4)
  A water moccasin zombie (D:5)
  A water moccasin skeleton (D:6)
  2 howler monkeys
  A jelly (D:4)
  2 orc priests (D:4)
  4 bullfrog skeletons
  Jessica (D:2)
  3 iguanas
  A scorpion zombie (D:5)
  5 orc wizards
  A hound zombie (D:5)
  9 gnolls
  8 adders
  An ufetubus (D:6)
  A worm (D:5)
  3 dart slugs
  22 orcs
  9 endoplasms
  3 giant cockroaches
  6 goblins
  9 hobgoblins
  2 jackals (D:1)
  5 kobolds
  2 quokkas
  7 ball pythons
  5 bats
  3 frilled lizards
  2 rats (D:1)
126 creatures vanquished.

Vanquished Creatures (others)
  2 plants (D:2)
2 creatures vanquished.

Grand Total: 128 creatures vanquished

Notes
Turn   | Place    | Note
-------+----------+-------------------------------------------
     0 | Abyss:1  | Gargoyl the Gnoll Abyssal Knight began the quest for the
                  | Orb.
     0 | Abyss:1  | Reached XP level 1. HP: 23/23 MP: 3/3
   106 | Abyss:1  | Noticed a large abomination
   125 | Abyss:1  | Noticed a tentacled starspawn
   157 | Abyss:1  | Noticed a hellion
   158 | D:1      | Escaped the Abyss
   267 | D:1      | Reached * piety under Lugonu
   269 | D:1      | Reached XP level 2. HP: 20/29 MP: 5/5
   767 | D:1      | Reached XP level 3. HP: 35/35 MP: 6/6
  1178 | D:2      | Found a faded altar of an unknown god.
  1264 | D:2      | Found Kuetuq's Book Shop.
  1358 | D:2      | Noticed Jessica
  1363 | D:2      | Killed Jessica
  1364 | D:2      | Reached skill level 1 in Short Blades
  1364 | D:2      | Reached skill level 1 in Long Blades
  1364 | D:2      | Reached skill level 1 in Maces & Flails
  1364 | D:2      | Reached skill level 1 in Polearms
  1364 | D:2      | Reached skill level 1 in Staves
  1364 | D:2      | Reached skill level 1 in Slings
  1364 | D:2      | Reached skill level 1 in Bows
  1364 | D:2      | Reached skill level 1 in Crossbows
  1364 | D:2      | Reached skill level 1 in Throwing
  1364 | D:2      | Reached skill level 1 in Stealth
  1364 | D:2      | Reached skill level 1 in Shields
  1364 | D:2      | Reached skill level 1 in Unarmed Combat
  1364 | D:2      | Reached skill level 1 in Spellcasting
  1364 | D:2      | Reached skill level 1 in Evocations
  1364 | D:2      | Reached XP level 4. HP: 41/41 MP: 7/7
  1455 | D:2      | Found Canial's Weapon Emporium.
  1889 | D:3      | Reached ** piety under Lugonu
  1890 | D:3      | Reached skill level 1 in Conjurations
  1890 | D:3      | Reached skill level 1 in Hexes
  1890 | D:3      | Reached skill level 1 in Summonings
  1890 | D:3      | Reached skill level 1 in Necromancy
  1890 | D:3      | Reached skill level 1 in Translocations
  1890 | D:3      | Reached skill level 1 in Transmutations
  1890 | D:3      | Reached skill level 1 in Fire Magic
  1890 | D:3      | Reached skill level 1 in Ice Magic
  1890 | D:3      | Reached skill level 1 in Air Magic
  1890 | D:3      | Reached skill level 1 in Earth Magic
  1890 | D:3      | Reached skill level 1 in Poison Magic
  2241 | D:2      | Reached XP level 5. HP: 22/47 MP: 8/8
  2813 | D:3      | Found an iron altar of Okawaru.
  3059 | D:4      | Reached skill level 5 in Invocations
  3059 | D:4      | Reached XP level 6. HP: 42/53 MP: 9/9
  3281 | D:4      | Reached skill level 5 in Axes
  3281 | D:4      | Reached skill level 5 in Armour
  3845 | D:4      | Reached XP level 7. HP: 12/59 MP: 10/10
  4394 | D:4      | Reached skill level 7 in Fighting
  4869 | D:5      | Entered Level 5 of the Dungeon
  5315 | D:5      | Reached *** piety under Lugonu
  5704 | D:4      | Reached XP level 8. HP: 67/67 MP: 12/12
  6656 | D:6      | HP: 1/67 [water moccasin (7)]
  7022 | D:6      | HP: 2/67 [steam dragon (6)]
  7023 | D:6      | Engulfed by a steam dragon's steam

Illustrated notes

Levels and vault maps discovered:
D:1:      saegor_arrival_simple_e, layout_loops_cross, minmay_misc_feat_tiny
D:2:      layout_loops_ring, dreamdust_ecumenical_altar_grove, serial_shops,
          shop, shop, amcnicky_mini_pool_small, uniq_jessica
D:3:      layout_basic, okawaru_altar_gauntlet_db
D:4:      layout_loops_cross, corexii_corridor_pit
D:5:      layout_rooms, nicolae_ossuary_entry_plus, portal_sewer_entry_d,
          kennysheep_doodads
D:6:      layout_rooms, minivault_24

Skill      XL: |  1  2  3  4  5  6  7  8 |
---------------+-------------------------+-----
Short Blades   | 1 2 3 |  3.6
Long Blades    | 1 2 3 |  3.6
Maces & Flails | 1 2 3 |  3.6
Polearms       | 1 2 3 |  3.6
Staves         | 1 2 3 |  3.6
Slings         | 1 2 3 |  3.6
Bows           | 1 2 3 |  3.6
Crossbows      | 1 2 3 |  3.6
Throwing       | 1 2 3 |  3.6
Stealth        | 1 2 3 |  3.6
Shields        | 1 2 3 |  3.6
Unarmed Combat | 1 2 3 |  3.6
Spellcasting   | 1 2 3 |  3.6
Evocations     | 1 2 3 |  3.6
Conjurations   | 1 2 3 |  3.0
Hexes          | 1 2 3 |  3.0
Summonings     | 1 2 3 |  3.0
Necromancy     | 1 2 3 |  3.0
Translocations | 1 2 3 |  3.0
Transmutations | 1 2 3 |  3.0
Fire Magic     | 1 2 3 |  3.0
Ice Magic      | 1 2 3 |  3.0
Air Magic      | 1 2 3 |  3.0
Earth Magic    | 1 2 3 |  3.0
Poison Magic   | 1 2 3 |  3.0
Dodging        | 3 4 |  4.5
Invocations    | 5 6 |  6.1
Axes           | 5 |  5.9
Armour         | 5 |  5.9
Fighting       | 7 |  7.5

Action                   |  1- 3 |  4- 6 |  7- 9 || total
-------------------------+-------+-------+-------++-------
Melee: Hand axe          |    65 |   147 |   211 ||   423
       Bite              |     5 |    21 |    28 ||    54
Throw: Dart              |       |    12 |    34 ||    46
Invok: Depart the Abyss  |     1 |       |       ||     1
  Use: Scroll            |     5 |     2 |     5 ||    12
       Potion            |     1 |     1 |     3 ||     5
 Stab: Distracted        |       |     1 |       ||     1
       Sleeping          |       |     1 |       ||     1
Armor: Leather armour    |    14 |     2 |       ||    16
       Ring mail         |       |    56 |       ||    56
       Chain mail        |       |       |   109 ||   109
Dodge: Dodged            |    50 |    94 |   122 ||   266
Block: Buckler           |       |    21 |    47 ||    68

Table legend: (Time is in decaauts)
 A = Elapsed time spent in this place.
 B = Non-inter-level travel time spent in this place.
 C = Inter-level travel time spent in this place.
 D = Time resting spent in this place.
 E = Time spent auto-exploring this place.
 F = Levels seen in this place.
 G = Mean time per level.
                   A        B        C        D        E       F      G
               +--------+--------+--------+--------+--------+-----+--------+
         Total |   7050 |   6913 |    137 |   1822 |   3712 |   7 | 1007.1 |
       Dungeon |   6911 |   6774 |    137 |   1822 |   3618 |   6 | 1151.8 |
         Abyss |    139 |    139 |      0 |      0 |     94 |   1 |  139.0 |
               +--------+--------+--------+--------+--------+-----+--------+

Top non-repeatable levels by time:
     D:4: 2195 daAuts
     D:3: 1214 daAuts
     D:5: 1145 daAuts
     D:1: 1008 daAuts
     D:2: 875 daAuts
     D:6: 473 daAuts
 Abyss:1: 139 daAuts
